 Dungeon Crawl Stone Soup version 0.24-a0-417-g1cce26a4d2 (webtiles) character file.

Game seed: 2154939052880954123

5385 Gargoyl the Chopper (level 10, 0/83 HPs)
             Began as a Centaur Abyssal Knight on June 10, 2019.
             Was an Elder of Lugonu.
             Slain by a dream sheep (5 damage)
             ... on level 8 of the Dungeon.
             The game lasted 00:15:27 (10497 turns).

Gargoyl the Chopper (Centaur Abyssal Knight)       Turns: 10497, Time: 00:15:28

Health: 0/83       AC: 11    Str: 16    XL:     10   Next: 39%
Magic:  15/15      EV:  9    Int: 11    God:    Lugonu [****..]
Gold:   155        SH:  0    Dex: 11    Spells: 9/9 levels left

rFire    + . .     SeeInvis .   t - +2 hand axe (freeze)
rCold    . . .     Gourm    .   (no shield)
rNeg     + . .     Faith    .   e - +4 scale mail {rF+}
rPois    +         Spirit   .   (no helmet)
rElec    .         Reflect  .   (no cloak)
rCorr    .         Harm     .   (no gloves)
MR       +....                  (no barding)
Stlth    ..........             y - amulet of magic regeneration
HPRegen  0.23/turn              v - ring of Qaunuots {rPois rN+ Stlth-}
MPRegen  0.39/turn              q - ring of protection from magic

@: very quick
A: large, hooves 3, deformed body, speed 2, tough skin 3
a: Depart the Abyss, Bend Space, Banish, Corrupt, Renounce Religion


You were on level 8 of the Dungeon.
You worshipped Lugonu.
Lugonu was greatly pleased with you.
You were not hungry.

You visited 1 branch of the dungeon, and saw 9 of its levels.
You visited the Abyss 1 time.

You collected 521 gold pieces.
You spent 366 gold pieces at shops.

Inventory:

Hand Weapons
 a - a +3 hand axe
 t - a +2 hand axe of freezing (weapon)
 z - a +2 hand axe of flaming
Missiles
 p - 13 boomerangs (quivered)
Armour
 e - a +4 scale mail of fire resistance (worn)
Jewellery
 q - a ring of protection from magic (right hand)
 v - the ring of Qaunuots (left hand) {rPois rN+ Stlth-}
   (You bought it in a shop on level 9 of the Dungeon)

   [ring of attention]

   It protects you from poison.
   It protects you from negative energy.
   It makes you less stealthy.
 y - an amulet of magic regeneration (around neck)
Wands
 b - a wand of disintegration (4)
 d - a wand of flame (3)
Scrolls
 i - 4 scrolls of amnesia
 j - 5 scrolls of teleportation
 k - 2 scrolls of identify
 l - 3 scrolls of magic mapping
 n - 5 scrolls of remove curse
 u - 2 scrolls of blinking
 x - a scroll of fear
Potions
 f - 3 potions of curing
 g - a potion of haste
 h - a potion of magic
 m - 2 potions of heal wounds
 o - 2 potions of resistance
 r - a potion of invisibility
 s - 2 potions of might {unknown}
 w - a potion of ambrosia
Comestibles
 c - 14 rations


   Skills:
 + Level 6.0 Fighting
 + Level 7.4 Axes
 + Level 1.5 Throwing
 * Level 6.6 Armour
 * Level 4.9 Dodging
 * Level 6.9 Invocations


You had 9 spell levels left.
You didn't know any spells.
Your spell library contained the following spells:

 Spells                   Type           Power        Failure   Level  Hunger
 Animate Skeleton         Necr           N/A          75%         1    ##.....
 Apportation              Tloc           #.....       75%         1    ##.....
 Confusing Touch          Hex            #.....       75%         1    ##.....
 Summon Small Mammal      Summ           #...         75%         1    ##.....
 Sticks to Snakes         Tmut           #.......     86%         2    ###....
 Inner Flame              Hex/Fire       #.......     98%         3    ####...
 Sticky Flame             Conj/Fire      #.......     100%        4    #####..
 Fireball                 Conj/Fire      #.........   100%        5    ######.
 Hydra Form               Tmut           #.........   100%        6    #######


Dungeon Overview and Level Annotations

Branches:
Dungeon (9/15)             Temple (0/1) D:7            Lair (0/6) D:8
    Orc: D:9-12

Altars:
Cheibriados
Fedhas
Gozag
Hepliaklqana
Makhleb
Nemelex Xobeh
Wu Jian

Shops:
D:9 ?=

Annotations:
D:8 Psyche


Innate Abilities, Weirdness & Mutations

You have hooves in place of feet.
Armour fits poorly on your strangely shaped body.
You cover ground very quickly.
You have extremely tough skin. (AC +3)


Message History

The yak gores you!!!
You wake up.
You hit the yak but do no damage. You kick the yak.
The yak is almost dead.
The yak gores you!
* * * LOW HITPOINT WARNING * * *
You hit the yak. You freeze the yak.
The yak is almost dead.
The yak gores you!
* * * LOW HITPOINT WARNING * * *
You hit the yak but do no damage. Your kick misses the yak.
The yak is almost dead.
The yak barely misses you.
You hit the yak. You freeze the yak.
You kill the yak!
Lugonu accepts your kill.
Your Fighting skill increases to level 6!
Unknown command.
Unknown command.
You completely miss the dream sheep. The dream sheep bites you.
You die...

#...........[## #<######
..####.###..)# #...).)÷
.#####.###...# #.......
.........[...# ######
##...... ....##.###...#
PP≈P.' #...... ....##>#
#...# P≈≈≈≈# #......
....##.# #...# ≈.P≈≈##
####### ....##.###...#
###KD...#. ....#.....####
#@YYY%%.'.
...........#####.#K..P.'.
.......(..(...†..#Y%...'.
........(.###..###.....#.
....#.()(.###.## ######
#.......#.(...#
#...###.###...# ...##
#............ ...#
####.........


You could see a three-headed hydra, a yak, 2 big kobolds and 2 dream sheep.

Vanquished Creatures
  Pikel (D:6)
  A komodo dragon (D:8)
  A troll (D:9)
  2 hippogriffs
  A yak (D:8)
  A water moccasin (D:8)
  3 slaves (D:6)
  2 ice beasts
  2 black bears
  A phantom (D:6)
  A sky beast (D:5)
  3 ogres
  5 centaurs
  4 big kobolds
  3 bullfrogs
  2 scorpions
  5 wights
  A howler monkey (D:9)
  2 crimson imps
  2 bullfrog zombies
  A jelly (D:5)
  A quasit (D:6)
  3 hounds
  3 orc priests
  2 orc wizards
  4 centaur skeletons
  4 iguanas
  10 worker ants
  A killer bee zombie (D:8)
  2 hound skeletons
  8 adders
  A shadow imp (D:4)
  2 oozes
  An adder skeleton (D:9)
  2 adder zombies
  3 worms (D:2)
  3 dart slugs
  4 leopard geckos
  24 orcs
  2 ball pythons
  8 bats
  11 giant cockroaches
  10 goblins
  13 hobgoblins
  12 jackals
  15 kobolds
  5 quokkas
  4 frilled lizards
  A leopard gecko skeleton (D:6)
  A quokka skeleton (D:4)
  5 rats
209 creatures vanquished.

Vanquished Creatures (others)
  An unseen horror (D:8)
  The ghost of demivan the Skirmisher, a novice HOFi of Beogh (D:6)
  An orc (D:8)
  8 plants (D:8)
11 creatures vanquished.

Grand Total: 220 creatures vanquished

Notes
Turn   | Place    | Note
-------+----------+-------------------------------------------
     0 | Abyss:1  | Gargoyl the Centaur Abyssal Knight began the quest for the
                  | Orb.
     0 | Abyss:1  | Reached XP level 1. HP: 19/19 MP: 2/2
     0 | Abyss:1  | Found a corrupted altar of Lugonu.
    66 | Abyss:1  | Found a corrupted altar of Lugonu.
    74 | Abyss:1  | Noticed a ynoxinul
    93 | Abyss:1  | Found a corrupted altar of Lugonu.
    97 | Abyss:1  | Found a corrupted altar of Lugonu.
   214 | Abyss:2  | Noticed a raiju
   216 | Abyss:2  | Noticed a smoke demon
   218 | D:1      | Escaped the Abyss
   244 | D:1      | Reached XP level 2. HP: 5/26 MP: 1/3
   534 | D:1      | Reached skill level 1 in Dodging
   706 | D:1      | Reached * piety under Lugonu
   804 | D:1      | Reached skill level 2 in Axes
   939 | D:2      | Reached XP level 3. HP: 29/31 MP: 2/4
  1450 | D:2      | Reached XP level 4. HP: 37/38 MP: 5/5
  1617 | D:2      | Reached ** piety under Lugonu
  2142 | D:3      | Reached XP level 5. HP: 42/46 MP: 7/7
  2609 | D:3      | Found an ornate altar of the Wu Jian Council.
  2832 | D:4      | Found a sparkling altar of Nemelex Xobeh.
  2838 | D:4      | Noticed an ogre
  2854 | D:4      | Killed an ogre
  2854 | D:4      | Reached skill level 3 in Axes
  2971 | D:4      | Reached XP level 6. HP: 52/52 MP: 8/8
  3018 | D:4      | Found a blossoming altar of Fedhas.
  3096 | D:4      | Reached *** piety under Lugonu
  3481 | D:5      | Entered Level 5 of the Dungeon
  3683 | D:5      | Reached skill level 4 in Axes
  3683 | D:5      | Reached XP level 7. HP: 53/59 MP: 7/9
  4563 | D:5      | Got a dull robe
  4574 | D:5      | Identified the +1 robe of Boredom {Int+3} (You found it on
                  | level 5 of the Dungeon)
  4814 | D:5      | Reached XP level 8. HP: 36/67 MP: 5/11
  5216 | D:6      | Noticed Pikel
  5263 | D:6      | Killed Pikel
  5263 | D:6      | Reached skill level 5 in Axes
  5263 | D:6      | Reached skill level 5 in Invocations
  5492 | D:6      | Found a hazy altar of Hepliaklqana.
  5530 | D:6      | Found a snail-covered altar of Cheibriados.
  5806 | D:6      | Found a transporter.
  5806 | D:6      | You fall into a shaft and drop 3 floors!
  5815 | D:9      | Found Qasic's Jewellery Emporium.
  5871 | D:9      | Noticed a hippogriff
  5904 | D:9      | Killed a hippogriff
  5904 | D:9      | Reached XP level 9. HP: 56/73 MP: 6/13
  5913 | D:9      | Reached skill level 6 in Axes
  6196 | D:9      | Found Kyibuedi's Magic Scroll Boutique.
  6242 | D:9      | Bought the ring of Qaunuots {rPois rN+ Stlth-} for 366 gold
                  | pieces
  6347 | D:8      | Noticed Psyche
  6662 | D:9      | Reached skill level 5 in Fighting
  6732 | D:8      | Reached **** piety under Lugonu
  6743 | D:8      | Reached skill level 5 in Armour
  6794 | D:8      | Banished an unseen horror
  7065 | D:8      | Noticed a three-headed hydra
  7167 | D:7      | Found an opulent altar of Gozag.
  7182 | D:7      | Found a staircase to the Ecumenical Temple.
  7864 | D:7      | You fall into a shaft and drop 2 floors!
  7865 | D:9      | Noticed a troll
  7875 | D:9      | Killed a troll
  7875 | D:9      | Reached XP level 10. HP: 30/82 MP: 4/14
  8377 | D:9      | Reached skill level 7 in Axes
  8658 | D:6      | Found a transporter.
  8660 | D:6      | Noticed demivan's ghost (novice HOFi)
  8748 | D:6      | Found a burning altar of Makhleb.
  8750 | D:6      | Noticed an Executioner
  8811 | D:6      | Reached skill level 1 in Throwing
  9432 | D:6      | Banished demivan's ghost
  9770 | D:7      | Identified Vipip's Tome of Scorching Moulding
 10392 | D:8      | Found a staircase to the Lair.
 10494 | D:8      | HP: 4/83 [yak (12)]
 10497 | D:8      | Slain by a dream sheep

Levels and vault maps discovered:
D:1:      dpeg_arrival_stonehenge_12_columns, layout_rooms, minmay_tetromino_s2
D:2:      layout_loops_ring, minmay_split_cup_small
D:3:      layout_loops_cross, lemuel_round_altar
D:4:      layout_gridville, nemelex_xobeh_ov_fountains_minmay, fedhas_altar_1,
          first_ration, kennysheep_minor_cross, grunt_decor_mini_mirrors,
          minmay_misc_feat_encased
D:5:      layout_loops_ring, st_stairs_7, grunt_ministairs_7
D:6:      layout_layer_cave, lemuel_crystal_altar, makhleb_altar_promises_db,
          gammafunk_ghost_arena, cheibriados_altar_1, uniq_pikel
D:7:      layout_gridville, lemuel_doored_altar, minmay_temple_entry_large_hall
D:8:      layout_rooms, david_lair_shrubbed, serial_curves, eino_curves_03,
          eino_curves_03, hangedman_ranch [blue_anna_fruit_fields], uniq_psyche
D:9:      layout_basic, serial_shops, shop, kennysheep_mini_moat, shop, shop,
          shop_fountains

Skill      XL: |  1  2  3  4  5  6  7  8  9 10 |
---------------+-------------------------------+-----
Dodging        | 1 2 3 4 |  4.9
Axes           | 2 3 4 5 6 7 |  7.4
Armour         | 2 3 4 6 |  6.6
Invocations    | 3 4 5 6 |  6.9
Fighting       | 4 5 6 |  6.0
Throwing       | 1 |  1.5

Action                   |  1- 3 |  4- 6 |  7- 9 | 10-12 || total
-------------------------+-------+-------+-------+-------++-------
Melee: Hand axe          |   120 |   178 |   335 |   171 ||   804
       Kick              |    19 |    40 |    73 |    44 ||   176
Throw: Boomerang         |       |     5 |       |    23 ||    28
Invok: Depart the Abyss  |     1 |       |       |       ||     1
       Banish            |       |       |     1 |     1 ||     2
  Use: Scroll            |     7 |    10 |     6 |     1 ||    24
       Potion            |       |     1 |     3 |       ||     4
  Eat: Chunk             |     1 |     6 |     8 |     8 ||    23
       Ration            |       |       |     1 |       ||     1
Armor: Scale mail        |    72 |   129 |   226 |    94 ||   521
       Skin              |       |       |    49 |       ||    49
Dodge: Dodged            |    56 |    86 |   148 |    75 ||   365

Table legend:
 A = Non-vault XP
 B = Vault XP
 C = Vault XP percentage of total XP
 D = Non-vault monster count
 E = Vault monster count
 F = Vault count percentage of total count
                 A         B        C        D         E       F
            +---------+---------+-------+---------+---------+-------
      Total |    5827 |    1866 |  24.3 |     191 |      17 |   8.2
            +---------+---------+-------+---------+---------+-------
        D:1 |      33 |       4 |  10.8 |      17 |       2 |  10.5
        D:2 |      85 |       5 |   5.6 |      32 |       3 |   8.6
        D:3 |     117 |       0 |   0.0 |      26 |       0 |   0.0
        D:4 |     352 |       0 |   0.0 |      19 |       0 |   0.0
        D:5 |     885 |     145 |  14.1 |      26 |       3 |  10.3
        D:6 |     581 |    1073 |  64.9 |      12 |       6 |  33.3
        D:7 |    1141 |       0 |   0.0 |      20 |       0 |   0.0
        D:8 |    1361 |     639 |  32.0 |      24 |       3 |  11.1
        D:9 |    1272 |       0 |   0.0 |      15 |       0 |   0.0
            +---------+---------+-------+---------+---------+-------
